A- SE
DUNEDIN BLUE JAYS @ FORT MYERS MIGHTY MUSSELS
05/07/2042
 
TOP OF THE 1ST
Dunedin Blue Jays batting - Pitching for Fort Myers Mighty Mussels : RHP Joe Ross
Pitching: RHP Joe Ross
Batting: SHB Dan Chamberlain 0-0: Ball
1-0: SINGLE (Line Drive, 56D, EV 106.9 MPH)
Batting: RHB Cliff Stroud 0-0: Ball
Dan Chamberlain is caught stealing 2nd base 2-4
1-0: Foul Ball, location: 9LSF
1-1: Foul Ball, location: 25F
1-2: Strikes out swinging
Batting: RHB Darryl Cook 0-0: Ball
1-0: Swinging Strike
1-1: Foul Ball, location: 9LSF
1-2: Ball
2-2: Foul Ball, location: 9LSF
2-2: Strikes out swinging
Top of the 1st over - 0 runs, 1 hit, 0 errors, 0 left on base; Dunedin 0 - Fort Myers 0
BOTTOM OF THE 1ST
Fort Myers Mighty Mussels batting - Pitching for Dunedin Blue Jays : LHP Sergio Amador
Pitching: LHP Sergio Amador
Batting: RHB Jeremy Hoffman 0-0: Ball
1-0: Foul Ball, location: 7LSF
1-1: Fly out, F8 (Flyball, 8LM, EV 86.9 MPH)
Batting: RHB Greg Adkins 0-0: Ball
1-0: Ball
2-0: Ball
3-0: Base on Balls
Batting: SHB Josh Brooks 0-0: Ball
1-0: Ball
2-0: Called Strike
2-1: Ball
3-1: Grounds into double play, 4-6-3 (Groundball, 34S, EV 88.1 MPH)
Bottom of the 1st over - 0 runs, 0 hits, 0 errors, 0 left on base; Dunedin 0 - Fort Myers 0
TOP OF THE 2ND
Dunedin Blue Jays batting - Pitching for Fort Myers Mighty Mussels : RHP Joe Ross
Batting: LHB Gary Walls 0-0: Foul Ball, location: 3DF
0-1: Swinging Strike
0-2: Strikes out swinging
Batting: LHB Don Harper 0-0: Called Strike
0-1: Ball
1-1: Ball
2-1: Foul Ball, location: 7LMF
2-2: Foul Ball, location: 7LDF
2-2: Ground out 4-3 (Groundball, 4, EV 84.4 MPH)
Batting: LHB Brad Puckett 0-0: Ball
1-0: Called Strike
1-1: Ball
2-1: Called Strike
2-2: Strikes out swinging
Top of the 2nd over - 0 runs, 0 hits, 0 errors, 0 left on base; Dunedin 0 - Fort Myers 0
BOTTOM OF THE 2ND
Fort Myers Mighty Mussels batting - Pitching for Dunedin Blue Jays : LHP Sergio Amador
Batting: RHB Steve Walton 0-0: Called Strike
0-1: Foul Ball, location: 9LSF
0-2: Ball
1-2: Ball
2-2: Strikes out swinging
Batting: RHB Benny Armstrong 0-0: Ground out 6-3 (Groundball, 6, EV 88.1 MPH)
Batting: LHB Caden Montgomery 0-0: Ground out 3-1 (Groundball, 34, EV 100.6 MPH)
Bottom of the 2nd over - 0 runs, 0 hits, 0 errors, 0 left on base; Dunedin 0 - Fort Myers 0
TOP OF THE 3RD
Dunedin Blue Jays batting - Pitching for Fort Myers Mighty Mussels : RHP Joe Ross
Batting: SHB Joe Campbell 0-0: Ball
1-0: Swinging Strike
1-1: Called Strike
1-2: Ball
2-2: Ball
3-2: Ground out 1-3 (Groundball, 13S, EV 74.4 MPH)
Batting: SHB Dave Smith 0-0: Ball
1-0: Called Strike
1-1: Ground out 6-3 (Groundball, 56, EV 81.3 MPH)
Batting: LHB Tim Kearney 0-0: Ground out 4-3 (Groundball, 4, EV 81.3 MPH)
Top of the 3rd over - 0 runs, 0 hits, 0 errors, 0 left on base; Dunedin 0 - Fort Myers 0
BOTTOM OF THE 3RD
Fort Myers Mighty Mussels batting - Pitching for Dunedin Blue Jays : LHP Sergio Amador
Batting: RHB Dave McCormick 0-0: Ball
1-0: Called Strike
1-1: Ground out 5-3 (Groundball, 5, EV 99.4 MPH)
Batting: LHB Jeff Whitney 0-0: Ball
1-0: Foul Ball, location: 7LMF
1-1: Foul Ball, location: 3SF
1-2: Strikes out swinging
Batting: SHB Darrel Taylor 0-0: Ball
1-0: Fly out, F2 (Popup, 3SF, EV 86.9 MPH)
Bottom of the 3rd over - 0 runs, 0 hits, 0 errors, 0 left on base; Dunedin 0 - Fort Myers 0
TOP OF THE 4TH
Dunedin Blue Jays batting - Pitching for Fort Myers Mighty Mussels : RHP Joe Ross
Batting: SHB Dan Chamberlain 0-0: Foul Ball, location: 3DF
0-1: Ball
1-1: Ball
2-1: Bunt for hit to P - play at first, batter OUT! 1-3
Batting: RHB Cliff Stroud 0-0: Ball
1-0: Foul Ball, location: 2F
1-1: Swinging Strike
1-2: Strikes out swinging
Batting: RHB Darryl Cook 0-0: Ball
1-0: Ball
2-0: Ball
3-0: Called Strike
3-1: Base on Balls
Batting: LHB Gary Walls 0-0: Called Strike
Darryl Cook is caught stealing 2nd base 2-6
Top of the 4th over - 0 runs, 0 hits, 0 errors, 0 left on base; Dunedin 0 - Fort Myers 0
BOTTOM OF THE 4TH
Fort Myers Mighty Mussels batting - Pitching for Dunedin Blue Jays : LHP Sergio Amador
Batting: RHB Jeremy Hoffman 0-0: Ball
1-0: Ball
2-0: Ball
3-0: Called Strike
3-1: Base on Balls
Batting: RHB Greg Adkins 0-0: Ball
1-0: Ball
2-0: Sac Bunt to 2L - play at first, batter safe!
Jeremy Hoffman to second
Batting: SHB Josh Brooks 0-0: Fly out, F4 (Line Drive, 4MD, EV 68.1 MPH)
Batting: RHB Steve Walton 0-0: Ball
1-0: Fly out, F8 (Flyball, 8RD, EV 91.9 MPH)
Batting: RHB Benny Armstrong 0-0: Ball
1-0: Ball
2-0: Ball
3-0: Called Strike
3-1: Foul Ball, location: 5F
3-2: SINGLE (Groundball, 6MD, EV 98.8 MPH)
Jeremy Hoffman to third
Greg Adkins to second
Jeremy Hoffman scores
Greg Adkins to third
Batting: LHB Caden Montgomery 0-0: Called Strike
0-1: Foul Ball, location: 25F
0-2: Strikes out looking
Bottom of the 4th over - 1 run, 2 hits, 0 errors, 2 left on base; Dunedin 0 - Fort Myers 1
TOP OF THE 5TH
Dunedin Blue Jays batting - Pitching for Fort Myers Mighty Mussels : RHP Joe Ross
Batting: LHB Gary Walls 0-0: Ball
1-0: Ball
2-0: Ground out 4-3 (Groundball, 4, EV 84.4 MPH)
Batting: LHB Don Harper 0-0: Called Strike
0-1: Foul Ball, location: 9LDF
0-2: Ball
1-2: Ball
2-2: Foul Ball, location: 7LMF
2-2: Ball
3-2: Foul Ball, location: 2F
3-2: Foul Ball, location: 3DF
3-2: DOUBLE (Line Drive, 8LXD, EV 106.3 MPH)
Batting: LHB Brad Puckett 0-0: Fly out, F7 (Flyball, 78S, EV 84.4 MPH)
Batting: SHB Joe Campbell 0-0: Ball
1-0: Called Strike
1-1: Ball
2-1: Ball
3-1: Base on Balls
Batting: SHB Dave Smith 0-0: Ball
1-0: Foul Ball, location: 5FF
1-1: Fly out, F4 (Popup, 4M, EV 64.4 MPH)
Top of the 5th over - 0 runs, 1 hit, 0 errors, 2 left on base; Dunedin 0 - Fort Myers 1
BOTTOM OF THE 5TH
Fort Myers Mighty Mussels batting - Pitching for Dunedin Blue Jays : LHP Sergio Amador
Batting: RHB Dave McCormick 0-0: Foul Ball, location: 2F
0-1: Ball
1-1: Ball
2-1: Ball
3-1: Base on Balls
Batting: LHB Jeff Whitney 0-0: Ball
Wild Pitch!
Dave McCormick to second
1-0: Fly out, F7 (Line Drive, 78S, EV 89.4 MPH)
Batting: SHB Darrel Taylor 0-0: Ball
1-0: Swinging Strike
1-1: Ball
2-1: Foul Ball, location: 3SF
2-2: Ball
3-2: Base on Balls
Batting: RHB Jeremy Hoffman 0-0: Grounds into double play, 4-6-3 (Groundball, 34, EV 88.1 MPH)
Bottom of the 5th over - 0 runs, 0 hits, 0 errors, 1 left on base; Dunedin 0 - Fort Myers 1
TOP OF THE 6TH
Dunedin Blue Jays batting - Pitching for Fort Myers Mighty Mussels : RHP Joe Ross
Batting: LHB Tim Kearney 0-0: Ball
1-0: Called Strike
1-1: Called Strike
1-2: Ball
2-2: Ground out 4-3 (Groundball, 4, EV 84.4 MPH)
Batting: SHB Dan Chamberlain 0-0: Called Strike
0-1: Swinging Strike
0-2: Ball
1-2: Ball
2-2: DOUBLE (Line Drive, 89M, EV 106.9 MPH)
Batting: RHB Cliff Stroud 0-0: Ball
1-0: SINGLE (Line Drive, 89M, EV 87.5 MPH)
Dan Chamberlain to third
Pitching: RHP Dan Burch
Batting: RHB Darryl Cook 0-0: Called Strike
0-1: Ball
1-1: Ball
Cliff Stroud steals 2nd base
2-1: Swinging Strike
2-2: Fly out, F7 (Line Drive, 78M, EV 87.5 MPH)
Runner from 3rd tags up, SCORES, no throw by LF
Batting: LHB Gary Walls 0-0: Ball
1-0: Fly out, F9 (Flyball, 9, EV 95.0 MPH)
Top of the 6th over - 1 run, 2 hits, 0 errors, 1 left on base; Dunedin 1 - Fort Myers 1
BOTTOM OF THE 6TH
Fort Myers Mighty Mussels batting - Pitching for Dunedin Blue Jays : LHP Sergio Amador
Batting: RHB Greg Adkins 0-0: Swinging Strike
0-1: Swinging Strike
0-2: Strikes out looking
Batting: SHB Josh Brooks 0-0: Called Strike
0-1: Foul Ball, location: 3F
0-2: Foul Ball, location: 5FF
0-2: Ball
1-2: Foul Ball, location: 3SF
1-2: Ball
2-2: Foul Ball, location: 9LDF
2-2: Strikes out swinging
Batting: RHB Steve Walton 0-0: Foul Ball, location: 9LDF
0-1: Swinging Strike
0-2: Ball
1-2: Ball
2-2: Strikes out swinging
Bottom of the 6th over - 0 runs, 0 hits, 0 errors, 0 left on base; Dunedin 1 - Fort Myers 1
TOP OF THE 7TH
Dunedin Blue Jays batting - Pitching for Fort Myers Mighty Mussels : RHP Dan Burch
Batting: LHB Don Harper 0-0: Ball
1-0: Ball
2-0: Foul Ball, location: 5F
2-1: Ball
3-1: Swinging Strike
3-2: Strikes out looking
Batting: LHB Brad Puckett 0-0: Called Strike
0-1: Fly out, F7 (Line Drive, 7LD, EV 92.5 MPH)
Batting: SHB Joe Campbell 0-0: Called Strike
0-1: Ground out 5-3 (Groundball, 56, EV 87.5 MPH)
Top of the 7th over - 0 runs, 0 hits, 0 errors, 0 left on base; Dunedin 1 - Fort Myers 1
BOTTOM OF THE 7TH
Fort Myers Mighty Mussels batting - Pitching for Dunedin Blue Jays : LHP Sergio Amador
Batting: RHB Benny Armstrong 0-0: Ball
1-0: Swinging Strike
1-1: Ground out 2-3 (Groundball, 2R, EV 70.6 MPH)
Batting: LHB Caden Montgomery 0-0: Ball
1-0: Ball
2-0: Swinging Strike
2-1: Foul Ball, location: 25F
2-2: Foul Ball, location: 2F
2-2: Strikes out swinging
Batting: RHB Dave McCormick 0-0: Ball
1-0: Called Strike
1-1: Swinging Strike
1-2: Strikes out swinging
Bottom of the 7th over - 0 runs, 0 hits, 0 errors, 0 left on base; Dunedin 1 - Fort Myers 1
TOP OF THE 8TH
Dunedin Blue Jays batting - Pitching for Fort Myers Mighty Mussels : RHP Dan Burch
Batting: SHB Dave Smith 0-0: Foul Ball, location: 2F
0-1: Ball
1-1: Called Strike
1-2: Foul Ball, location: 2F
1-2: Foul Ball, location: 5F
1-2: Ground out 6-3 (Groundball, 6, EV 95.6 MPH)
Batting: LHB Tim Kearney 0-0: Called Strike
0-1: Ball
1-1: Called Strike
1-2: Ball
2-2: Strikes out swinging
Batting: SHB Dan Chamberlain 0-0: Ground out 4-3 (Groundball, 4, EV 94.4 MPH)
Top of the 8th over - 0 runs, 0 hits, 0 errors, 0 left on base; Dunedin 1 - Fort Myers 1
BOTTOM OF THE 8TH
Fort Myers Mighty Mussels batting - Pitching for Dunedin Blue Jays : LHP Sergio Amador
Batting: LHB Jeff Whitney 0-0: DOUBLE (Groundball, 3L, EV 100.6 MPH)
Batting: SHB Darrel Taylor 0-0: Called Strike
0-1: Ball
1-1: Foul Ball, location: 2F
1-2: DOUBLE (Line Drive, 89M, EV 100.0 MPH)
Jeff Whitney scores
Pitching: RHP Ken Justice
Batting: RHB Jeremy Hoffman 0-0: Ball
1-0: Ground out 6-3 (Groundball, 6M, EV 80.0 MPH)
Batting: RHB Greg Adkins 0-0: Ball
1-0: Swinging Strike
1-1: Called Strike
1-2: Strikes out swinging
Batting: SHB Josh Brooks 0-0: Ball
1-0: Called Strike
1-1: Swinging Strike
1-2: Foul Ball, location: 23F
1-2: SINGLE (Groundball, 4MD, EV 106.9 MPH)
Darrel Taylor to third
Runner from 3rd tries for Home, throw by CF and OUT! 8-2
Bottom of the 8th over - 1 run, 3 hits, 0 errors, 1 left on base; Dunedin 1 - Fort Myers 2
TOP OF THE 9TH
Dunedin Blue Jays batting - Pitching for Fort Myers Mighty Mussels : RHP Dan Burch
Pitching: RHP Artie Merrill
Pinch Hitting: LHB Chris Dixon 0-0: Ball
1-0: Ball
2-0: Ball
3-0: Base on Balls
Batting: RHB Darryl Cook 0-0: Ball
Pickoff Throw to First - Error! E1
Chris Dixon to second
1-0: Called Strike
1-1: Ball
2-1: SINGLE (Groundball, 56D, EV 108.8 MPH)
Chris Dixon to third
Runner from 3rd tries for Home, SAFE, throw by LF to home
Darryl Cook to second
Batting: LHB Gary Walls 0-0: Ground out 6-3 (Groundball, 6, EV 106.9 MPH)
Batting: LHB Don Harper 0-0: Intentional Walk
Batting: LHB Brad Puckett 0-0: Foul Ball, location: 9LSF
0-1: Ball
1-1: Ball
2-1: Foul Ball, location: 9LSF
2-2: Grounds into double play, 4-6-3 (Groundball, 4, EV 88.1 MPH)
Top of the 9th over - 1 run, 1 hit, 1 error, 1 left on base; Dunedin 2 - Fort Myers 2
BOTTOM OF THE 9TH
Fort Myers Mighty Mussels batting - Pitching for Dunedin Blue Jays : RHP Ken Justice
Now in RF: Chris Dixon
Batting: SHB Eric Clark 0-0: Ball
1-0: Ball
2-0: Ground out 5-3 (Groundball, 56, EV 100.6 MPH)
Batting: RHB Benny Armstrong 0-0: Ball
1-0: Ground out 6-3 (Groundball, 6, EV 96.3 MPH)
Batting: LHB Caden Montgomery 0-0: Ball
1-0: Foul Ball, location: 3F
1-1: Called Strike
1-2: Ground out 4-3 (Groundball, 4, EV 81.9 MPH)
Bottom of the 9th over - 0 runs, 0 hits, 0 errors, 0 left on base; Dunedin 2 - Fort Myers 2
TOP OF THE 10TH
Dunedin Blue Jays batting - Pitching for Fort Myers Mighty Mussels : RHP Artie Merrill
Pitching: LHP Tim Foster
Pinch Hitting: RHB José Román 0-0: Ball
1-0: Called Strike
1-1: Called Strike
1-2: Strikes out looking
Batting: SHB Dave Smith 0-0: Foul Ball, location: 3SF
0-1: Ball
1-1: Called Strike
1-2: Strikes out swinging
Pinch Hitting: RHB Charlie Alexander 0-0: Ground out 5-3 (Groundball, 5, EV 88.8 MPH)
Top of the 10th over - 0 runs, 0 hits, 0 errors, 0 left on base; Dunedin 2 - Fort Myers 2
BOTTOM OF THE 10TH
Fort Myers Mighty Mussels batting - Pitching for Dunedin Blue Jays : RHP Ken Justice
Pitching: RHP Jorge Galló
Now at C: Alfredo Gonzáles
Now at 2B: Charlie Alexander
Batting: RHB Dave McCormick 0-0: Swinging Strike
0-1: Fly out, F7 (Flyball, 78S, EV 91.3 MPH)
Batting: LHB Jeff Whitney 0-0: Ball
1-0: Ball
2-0: Ball
3-0: Called Strike
3-1: Called Strike
3-2: Foul Ball, location: 5F
3-2: Foul Ball, location: 2F
3-2: Strikes out swinging
Batting: SHB Darrel Taylor 0-0: Ground out U3 (Groundball, 34S, EV 88.1 MPH)
Bottom of the 10th over - 0 runs, 0 hits, 0 errors, 0 left on base; Dunedin 2 - Fort Myers 2
TOP OF THE 11TH
Dunedin Blue Jays batting - Pitching for Fort Myers Mighty Mussels : LHP Tim Foster
Batting: SHB Dan Chamberlain 0-0: TRIPLE (Line Drive, 89XD, EV 105.6 MPH)
Batting: LHB Chris Dixon 0-0: Called Strike
0-1: Swinging Strike
0-2: Foul Ball, location: 2F
0-2: Ball
1-2: Ball
2-2: Strikes out swinging
Batting: RHB Darryl Cook 0-0: Intentional Walk
Pinch Hitting: RHB Mike Jordan 0-0: Ball
1-0: Called Strike
1-1: Foul Ball, location: 25F
1-2: Strikes out looking
Batting: LHB Don Harper 0-0: Ball
1-0: Ball
2-0: Foul Ball, location: 7LMF
2-1: Called Strike
2-2: Ball
3-2: Foul Ball, location: 2F
3-2: Base on Balls
Darryl Cook to second
Batting: LHB Brad Puckett 0-0: Ground out U3 (Groundball, 3L, EV 91.3 MPH)
Top of the 11th over - 0 runs, 1 hit, 0 errors, 3 left on base; Dunedin 2 - Fort Myers 2
BOTTOM OF THE 11TH
Fort Myers Mighty Mussels batting - Pitching for Dunedin Blue Jays : RHP Jorge Galló
Now in LF: Chris Dixon
Now in RF: Nelson Escobedo
Batting: RHB Jeremy Hoffman 0-0: Ball
1-0: Ball
2-0: Ball
3-0: Called Strike
3-1: Foul Ball, location: 2F
3-2: Strikes out swinging
Batting: RHB Greg Adkins 0-0: Swinging Strike
0-1: Foul Ball, location: 9LSF
0-2: Strikes out looking
Batting: SHB Josh Brooks 0-0: Called Strike
0-1: Ball
1-1: Called Strike
1-2: Foul Ball, location: 2F
1-2: Strikes out swinging
Bottom of the 11th over - 0 runs, 0 hits, 0 errors, 0 left on base; Dunedin 2 - Fort Myers 2
TOP OF THE 12TH
Dunedin Blue Jays batting - Pitching for Fort Myers Mighty Mussels : LHP Tim Foster
Batting: RHB Alfredo Gonzáles 0-0: Foul Ball, location: 2F
0-1: Foul Ball, location: 2F
0-2: Strikes out looking
Batting: SHB Dave Smith 0-0: Called Strike
0-1: Called Strike
0-2: Ball
1-2: Strikes out looking
Batting: RHB Charlie Alexander 0-0: Ball
1-0: Swinging Strike
1-1: Swinging Strike
1-2: Ball
2-2: Strikes out looking
Top of the 12th over - 0 runs, 0 hits, 0 errors, 0 left on base; Dunedin 2 - Fort Myers 2
BOTTOM OF THE 12TH
Fort Myers Mighty Mussels batting - Pitching for Dunedin Blue Jays : RHP Jorge Galló
Batting: SHB Eric Clark 0-0: Ball
1-0: Foul Ball, location: 2F
1-1: Foul Ball, location: 2F
1-2: Foul Ball, location: 2F
1-2: Strikes out looking
Batting: RHB Benny Armstrong 0-0: Ball
1-0: Called Strike
1-1: Fly out, F8 (Flyball, 8RD, EV 83.1 MPH)
Batting: LHB Caden Montgomery 0-0: Called Strike
0-1: Ball
1-1: Ball
2-1: Ball
3-1: Fly out, F7 (Flyball, 7, EV 80.6 MPH)
Bottom of the 12th over - 0 runs, 0 hits, 0 errors, 0 left on base; Dunedin 2 - Fort Myers 2
TOP OF THE 13TH
Dunedin Blue Jays batting - Pitching for Fort Myers Mighty Mussels : LHP Tim Foster
Batting: SHB Dan Chamberlain 0-0: Ball
1-0: Ball
2-0: Ball
3-0: Called Strike
3-1: Base on Balls
Batting: LHB Chris Dixon 0-0: Ball
1-0: Ball
Dan Chamberlain steals 2nd base (no throw)
2-0: Foul Ball, location: 2F
2-1: Sac Bunt to 13 - play at third, runner OUT! 1-5
Batting: RHB Darryl Cook 0-0: Called Strike
0-1: Called Strike
0-2: Ball
1-2: Strikes out swinging
Batting: LHB Nelson Escobedo 0-0: Fielders Choice at 2nd, U4 (Groundball, 4M, EV 82.5 MPH)
Top of the 13th over - 0 runs, 0 hits, 0 errors, 1 left on base; Dunedin 2 - Fort Myers 2
BOTTOM OF THE 13TH
Fort Myers Mighty Mussels batting - Pitching for Dunedin Blue Jays : RHP Jorge Galló
Batting: RHB Dave McCormick 0-0: Foul Ball, location: 5DF
0-1: Foul Ball, location: 2F
0-2: Ball
1-2: Strikes out swinging
Batting: LHB Jeff Whitney 0-0: Fly out, F7 (Flyball, 7D, EV 100.6 MPH)
Batting: SHB Darrel Taylor 0-0: Ground out 6-3 (Groundball, 6, EV 90.6 MPH)
Bottom of the 13th over - 0 runs, 0 hits, 0 errors, 0 left on base; Dunedin 2 - Fort Myers 2
TOP OF THE 14TH
Dunedin Blue Jays batting - Pitching for Fort Myers Mighty Mussels : LHP Tim Foster
Pitching: RHP Bobby Johnson
Batting: LHB Don Harper 0-0: Ball
1-0: Foul Ball, location: 2F
1-1: Foul Ball, location: 5FF
1-2: SINGLE (Flyball, 6MD, EV 93.8 MPH)
Batting: LHB Brad Puckett 0-0: Called Strike
0-1: Ball
1-1: Ball
2-1: Ball
3-1: Sac Bunt to 13S - play at first, batter OUT! 1-3
Don Harper to second
Batting: RHB Alfredo Gonzáles 0-0: SINGLE (Groundball, 6MD, EV 97.5 MPH)
Don Harper to third
Runner from 3rd tries for Home, SAFE, throw by CF to home
Batting: SHB Dave Smith 0-0: Called Strike
0-1: Ball
1-1: Fly out, F4 (Line Drive, 4, EV 66.3 MPH)
Batting: RHB Charlie Alexander 0-0: Fly out, F8 (Flyball, 89S, EV 89.4 MPH)
Top of the 14th over - 1 run, 2 hits, 0 errors, 1 left on base; Dunedin 3 - Fort Myers 2
BOTTOM OF THE 14TH
Fort Myers Mighty Mussels batting - Pitching for Dunedin Blue Jays : RHP Jorge Galló
Pitching: RHP Ollie Rush
Batting: RHB Jeremy Hoffman 0-0: Called Strike
0-1: Foul Ball, location: 9LDF
0-2: Ground out 6-3 (Groundball, 6, EV 77.5 MPH)
Batting: RHB Greg Adkins 0-0: Ball
1-0: Swinging Strike
1-1: Swinging Strike
1-2: Ball
2-2: Ball
3-2: Ground out 5-3 (Groundball, 56, EV 83.1 MPH)
Batting: SHB Josh Brooks 0-0: Swinging Strike
0-1: Ball
1-1: Foul Ball, location: 3FF
1-2: Strikes out swinging
Bottom of the 14th over - 0 runs, 0 hits, 0 errors, 0 left on base; Dunedin 3 - Fort Myers 2
Wednesday, May 1st , 2024 - OOTP Baseball 24.10 Build 82